 Dungeon Crawl Stone Soup version 0.29-a0-520-gc852659d43 (webtiles) character file.

Game seed: 16751561861841607172

151 happo123 the Sneak (level 5, 0/29 HPs)
             Began as a Kobold Enchanter on May 31, 2022.
             Slain by a hornet (14 damage)
             ... while paralysed by a hornet
             ... on level 3 of the Dungeon.
             The game lasted 00:10:47 (3436 turns).

happo123 the Sneak (Kobold Enchanter)               Turns: 3436, Time: 00:10:48

Health: 0/29       AC:  2    Str:  5    XL:     5   Next: 60%
Magic:  6/9        EV:  3    Int: 18    God:
Gold:   159        SH:  0    Dex: 16    Spells: 1/9 levels left

rFire   . . .      SeeInvis .   m - +2 dagger (vamp)
rCold   . . .      Faith    .   (no shield)
rNeg    . . .      Spirit   .   b - +0 robe
rPois   .          Reflect  .   (no helmet)
rElec   .          Harm     .   (no cloak)
rCorr   .          Rampage  .   (no gloves)
Will    .....                   (no boots)
Stlth   ++++......              (no amulet)
HPRegen 0.09/turn               o - +4 ring of evasion
MPRegen 0.11/turn               (no ring)

@: paralysed, confusing by touch
A: small, no large weapons, nightstalker 3
a: no special abilities


You were on level 3 of the Dungeon.
You visited 1 branch of the dungeon, and saw 4 of its levels.

You collected 159 gold pieces.

Inventory:

Hand Weapons
 a - a +1 dagger
 m - a +2 vampiric dagger (weapon)
 w - a +1 short sword of speed
Armour
 b - a +0 robe (worn)
Magical Staves
 u - a staff of poison
Jewellery
 n - an amulet of guardian spirit
 o - a +4 ring of evasion (left hand)
Scrolls
 d - 3 scrolls of teleportation
 g - 4 scrolls of identify
 h - a scroll of poison {unknown}
 i - a scroll of blinking {unknown}
 k - a scroll of acquirement {unknown}
 r - 2 scrolls of enchant armour
 s - a scroll of brand weapon {unknown}
 x - a scroll of noise {unknown}
Potions
 c - 3 potions of invisibility
 e - 2 potions of degeneration {unknown}
 f - 2 potions of curing {unknown}
 j - a potion of heal wounds {unknown}
 l - a potion of attraction {unknown}
 p - a potion of might {unknown}
 q - a potion of resistance {unknown}
 t - a potion of lignification {unknown}
 v - 2 potions of haste {unknown}
 z - a potion of mutation {unknown}


   Skills:
 + Level 1.4 Fighting
 + Level 2.6 Short Blades
 + Level 3.1 Dodging
 + Level 4.7 Stealth
 + Level 2.9 Spellcasting
 * Level 3.8 Hexes
 + Level 1.2 Ice Magic


You had one spell level left.
You knew the following spells:

 Your Spells              Type           Power      Damage    Failure   Level
a - Ensorcelled Hibernat  Hex/Ice        22%        N/A       9%          2
b - Confusing Touch       Hex            16%        N/A       10%         3
c - Tukima's Dance        Hex            16%        N/A       10%         3

Your spell library contained the following spells:

 Spells                   Type           Power      Damage    Failure   Level
 Freeze                   Ice            28%        1d5       10%         1
 Apportation              Tloc           4%         N/A       17%         1
 Dazzling Flash           Conj/Hex       18%        N/A       22%         3
 Frozen Ramparts          Ice            14%        1d3       28%         3
 Hailstorm                Conj/Ice       4%         3d4       77%         4
 Alistair's Intoxication  Tmut/Pois      1%         N/A       99%         5


Dungeon Overview and Level Annotations

Branches:
Dungeon (4/15)
 Temple: D:4-7

Altars:


Innate Abilities, Weirdness & Mutations

You are small and have problems with some larger weapons.
You are completely attuned to the shadows.


Message History

There is an open door here.
r - 2 scrolls labelled EKHLE VOORAJO (gained 1)
d - 3 scrolls of teleportation (gained 1)
Found a robe.
You see here a +0 robe.
Found a stone staircase leading down.
Done exploring.
Done exploring.
There is a stone staircase leading down here.
As you read the scroll of identify, it crumbles to dust.
r - 2 scrolls of enchant armour You climb downwards.
Found 21 stones.
There is a stone staircase leading up here.
You open the door.
A hornet comes into view.
The hornet buzzes angrily.
You hear a shout!
An orc warrior comes into view. It is wielding a +0 glaive.
There is an open door here.
The hornet attacks as you move away! The hornet stings you.
You feel yourself slow down.
You feel yourself speed up. The hornet barely misses you.
The hornet stings you.
You feel yourself slow down.
There is a stone staircase leading up here.
The hornet completely misses you. x2
You climb upwards.
There is a stone staircase leading down here.
Aiming: Ensorcelled Hibernation (safe; 9% risk of failure)
Press: ? - help, Q - select action Shift-Dir - straight line, f - hornet
Aim: a hornet (chance to affect: 36%)
Okay, then.
Casting: Ensorcelled Hibernation (safe; 9% risk of failure)
Confirm with . or Enter, or press ? or * to list all spells.
The spell is quite dangerous to miscast (10% risk of failure)!
Continue anyway?
Your hands begin to glow red.
You feel yourself speed up. The hornet stings you!
You suddenly lose the ability to move!
The hornet stings you!
You die...

####.#######.#
##'## #.# ##>.)##
###.####
##.....###[.....#
##.......##.#.#..#
#.........#.#....##
+.................#
#.................#
##.......#..###y@.#
##)....##..#.....#
####...###........#
......## #.##...#.#
####..# #.##..##.#
####..####.##.....#
...#..............#
#.#....#####.#.####
†###......##.#.#


You could see a hornet.

Vanquished Creatures
  Jessica (D:2)
  7 adders
  A worm (D:2)
  2 dart slugs (D:3)
  7 ball pythons
  7 endoplasms
  3 giant cockroaches (D:2)
  6 goblins
  4 hobgoblins (D:2)
  A quokka (D:2)
  6 bats
  3 frilled lizards
  3 kobolds (D:2)
  9 rats
60 creatures vanquished.

Notes
Turn   | Place    | Note
-------+----------+-------------------------------------------
     0 | D:1      | happo123 the Kobold Enchanter began the quest for the Orb.
     0 | D:1      | Reached XP level 1. HP: 10/10 MP: 3/3
   216 | D:1      | Found a faded altar of an unknown god.
   390 | D:1      | Reached XP level 2. HP: 4/15 MP: 5/5
   393 | D:1      | Learned a level 2 spell: Ensorcelled Hibernation
   994 | D:2      | Reached XP level 3. HP: 2/20 MP: 0/6
  1656 | D:2      | Reached XP level 4. HP: 24/24 MP: 7/7
  2010 | D:2      | Reached skill level 1 in Fighting
  2049 | D:2      | Noticed Jessica
  2071 | D:2      | Killed Jessica
  2072 | D:2      | Reached skill level 1 in Ice Magic
  2072 | D:2      | Reached XP level 5. HP: 21/29 MP: 0/9
  2077 | D:2      | Learned a level 3 spell: Confusing Touch
  2081 | D:2      | Learned a level 3 spell: Tukima's Dance
  3427 | D:4      | Noticed a hornet
  3427 | D:4      | Noticed an orc warrior
  3436 | D:3      | Paralysed by a hornet for 1 turns
  3436 | D:3      | Slain by a hornet

Illustrated notes

Levels and vault maps discovered:
D:1:      dpeg_chamrin_arrival_tetris, layout_loops_ring,
          hellmonk_ecumenical_altar_pennies_from_heaven
D:2:      layout_loops_ring, minmay_circle_x, uniq_jessica
D:3:      layout_loops_corners
D:4:      layout_gridville, temple_pool_b, palyth_stone_intersect,
          dk_noncrumbling_4, minmay_misc_feat_cross

Skill      XL: |  1  2  3  4 |
---------------+-------------+-----
Short Blades   | 2 |  2.6
Fighting       | 1 |  1.4
Dodging        | 3 |  3.1
Ice Magic      | 1 |  1.2
Stealth        | |  4.7
Spellcasting   | |  2.9
Hexes          | |  3.8

Action                   |  1- 3 |  4- 6 || total
-------------------------+-------+-------++-------
Melee: Dagger            |    47 |    72 ||   119
       Punch             |       |     1 ||     1
 Cast: Ensorcelled Hiber |     4 |    16 ||    20
       Confusing Touch   |       |     1 ||     1
  Use: Scroll            |       |     2 ||     2
 Stab: Sleeping          |    16 |    28 ||    44
       Distracted        |     1 |       ||     1
Armor: Robe              |     3 |     3 ||     6
Dodge: Dodged            |    22 |    61 ||    83

Table legend: (Time is in decaauts)
 A = Elapsed time spent in this place.
 B = Non-inter-level travel time spent in this place.
 C = Inter-level travel time spent in this place.
 D = Time resting spent in this place.
 E = Time spent auto-exploring this place.
 F = Levels seen in this place.
 G = Mean time per level.
                   A        B        C        D        E       F      G
               +--------+--------+--------+--------+--------+-----+--------+
         Total |   3427 |   3273 |    154 |    278 |   2560 |   4 |  856.8 |
       Dungeon |   3427 |   3273 |    154 |    278 |   2560 |   4 |  856.8 |
               +--------+--------+--------+--------+--------+-----+--------+

Top non-repeatable levels by time:
     D:1: 1242 daAuts
     D:2: 1113 daAuts
     D:3: 1056 daAuts
     D:4: 16 daAuts
